 Dungeon Crawl Stone Soup version 0.28-a0-401-ge240ad9e29 (webtiles) character file.

Game seed: 4617009132721869283

175 desmos the Cudgeller (level 5, 0/47 HPs)
             Began as a Hill Orc Berserker on Sept 3, 2021.
             Was a Follower of Trog.
             Slain by an iguana (6 damage)
             ... on level 3 of the Dungeon on Sept 4, 2021.
             The game lasted 00:19:00 (2494 turns).

desmos the Cudgeller (Hill Orc Berserker)           Turns: 2494, Time: 00:19:01

Health: 0/47       AC:  5    Str: 21    XL:     5   Next: 55%
Magic:  5/5        EV: 11    Int:  7    God:    Trog [*.....]
Gold:   52         SH:  0    Dex: 10    Spells: 4/4 levels left

rFire   . . .      SeeInvis .   a - +0 mace (freeze)
rCold   . . .      Faith    .   (no shield)
rNeg    . . .      Spirit   .   f - +0 ring mail
rPois   .          Reflect  .   (no helmet)
rElec   .          Harm     .   (no cloak)
rCorr   .          Rampage  .   (no gloves)
Will    .....                   (no boots)
Stlth   ..........              (no amulet)
HPRegen 0.15/turn               (no ring)
MPRegen 0.09/turn               (no ring)

@: on berserk cooldown, slowed, very slow
A: no striking features
a: Renounce Religion, Berserk


You were on level 3 of the Dungeon.
You worshipped Trog.
Trog was aware of your devotion.
You visited 1 branch of the dungeon, and saw 6 of its levels.

You collected 52 gold pieces.

Inventory:

Hand Weapons
 a - a +0 mace of freezing (weapon)
 d - a +1 dagger of venom
Armour
 b - a +0 animal skin
 f - a +0 ring mail (worn)
Scrolls
 h - 2 scrolls of noise
Potions
 g - a potion of haste {unknown}
 i - a potion of curing {unknown}
 j - a potion of degeneration {unknown}
 k - a potion of mutation {unknown}
 m - a potion of cancellation {unknown}


   Skills:
 + Level 4.4 Fighting
 * Level 5.4 Maces & Flails
 + Level 3.2 Armour
 - Level 2.0 Dodging


You had 4 spell levels left.
You didn't know any spells.
Your spell library was empty.

Dungeon Overview and Level Annotations

Branches:
Dungeon (6/15)             Temple (0/1) D:5

Altars:
Zin

Shops:
D:1 *   D:2 :


Message History

The phantom hits you.
* * * LOW HITPOINT WARNING * * *
You feel yourself speed up. The phantom hits you.
* * * LOW HITPOINT WARNING * * *
You feel the effects of Trog's Hand fading.
Found a lumpy dark potion.
Your skin stops crawling.
You feel less strong-willed.
You open the door.
A kobold comes into view. It is wielding a +0 dagger.
You recover from your berserk rage.
The kobold shouts!
A hobgoblin comes into view.
Found 4 gold pieces.
The hobgoblin shouts!
The kobold throws a stone.
The stone hits you but does no damage.
A kobold comes into view. It is wielding a +0 dagger.
The kobold shouts!
Found a golden potion and 19 gold pieces.
You can no longer call upon Trog for regeneration and willpower.
Found 14 gold pieces.
The phantom closely misses you.
Found a fizzy purple potion.
Found a stone staircase leading up.
A red film seems to cover your vision as you go berserk!
You feel yourself moving faster!
You feel mighty!
You feel a strong urge to attack something.
You feel your anger nearly subside. The iguana bites you.
You are no longer berserk.
You are exhausted.
You feel yourself slow down.
There is a stone staircase leading up here.
The iguana bites you.
You climb upwards.
There is a stone staircase leading down here.
You closely miss the iguana. The iguana bites you. The iguana bites you!
* * * LOW HITPOINT WARNING * * *
You barely miss the iguana. The iguana closely misses you.
The iguana bites you.
You die...

..............##+##
.....#........#
.....#........+
.....#........+#+##
.....###..........# ......
.....# #..>.......# ......
########..........#####
#...... #.........l.....#
.......
#.........@...#†###.......
#.......#..##.#...+.......
#.......#...#.###.#.......
#.............###.........
#......##'#####...........
#......#...# #...........
#......#...# #....<......
#......#...# #...........
#......#...#..............


You could see an iguana.

Vanquished Creatures
  An ogre (D:5)
  4 adders
  A worm (D:3)
  5 bats
  3 endoplasms
  3 giant cockroaches
  7 hobgoblins
  4 jackals
  A quokka (D:1)
  2 ball pythons
  3 frilled lizards
  6 goblins
  5 kobolds
  4 rats
49 creatures vanquished.

Vanquished Creatures (others)
  17 plants (D:5)
17 creatures vanquished.

Grand Total: 66 creatures vanquished

Notes
Turn   | Place    | Note
-------+----------+-------------------------------------------
     0 | D:1      | desmos the Hill Orc Berserker began the quest for the Orb.
     0 | D:1      | Reached XP level 1. HP: 19/19 MP: 1/1
    80 | D:1      | Reached XP level 2. HP: 5/27 MP: 2/2
   447 | D:1      | Found Suqa's General Store.
   663 | D:1      | Found a faded altar of an unknown god.
   931 | D:2      | Reached skill level 4 in Maces & Flails
   943 | D:2      | Reached XP level 3. HP: 26/33 MP: 3/3
  1378 | D:2      | Found Ropiak's Book Shoppe.
  1390 | D:2      | Reached ** piety under Trog
  1586 | D:2      | Found a glowing silver altar of Zin.
  1920 | D:3      | Reached XP level 4. HP: 40/40 MP: 4/4
  2109 | D:3      | Upgraded the game from 0.28-a0-390-gb254ac4902 to
                  | 0.28-a0-401-ge240ad9e29
  2195 | D:3      | You fall into a shaft and drop 3 floors!
  2199 | D:6      | Noticed an ogre
  2206 | D:6      | Noticed a phantom
  2236 | D:6      | Noticed an ice beast
  2319 | D:5      | Entered Level 5 of the Dungeon
  2319 | D:5      | Noticed an ogre
  2347 | D:5      | Noticed a black bear
  2369 | D:5      | Noticed a sky beast
  2412 | D:5      | Killed an ogre
  2413 | D:5      | Reached skill level 5 in Maces & Flails
  2413 | D:5      | Reached XP level 5. HP: 47/47 MP: 5/5
  2417 | D:5      | Noticed a phantom
  2494 | D:3      | Slain by an iguana

Illustrated notes

Levels and vault maps discovered:
D:1:      matt_arrival_los_fun, layout_rooms, serial_shops,
          nicolae_diamond_shop, dreamdust_ecumenical_altar_statues,
          minmay_misc_feat_cross
D:2:      layout_loops_ring, serial_shops, nicolae_shop_behind_doors,
          basic_altar
D:3:      layout_basic, old_standard_altar
D:4:      layout_loops_corners, nzn_overflow_gifts_of_might_and_magic,
          nicolae_overflow_quartered_altars, grunt_temple_overflow_open,
          uniq_crazy_yiuf_cottage, uniq_purgy
D:5:      layout_loops_corners, minmay_temple_entry_sparse_star, serial_bayou,
          serial_bayou_lagoon_a, serial_bayou_pond_d, serial_bayou_lake_a,
          serial_bayou_pond_e
D:6:      layout_loops_corners

Skill      XL: |  1  2  3  4 |
---------------+-------------+-----
Fighting       | 4 |  4.4
Maces & Flails | 4 5 |  5.4
Armour         | 3 |  3.2
Dodging        | 2 |  2.0

Action                   |  1- 3 |  4- 6 || total
-------------------------+-------+-------++-------
Melee: Mace              |   104 |    36 ||   140
Invok: Berserk           |     2 |     3 ||     5
       Trog's Hand       |       |     2 ||     2
  Use: Scroll            |     5 |     3 ||     8
       Potion            |       |     1 ||     1
Armor: Animal skin       |     5 |       ||     5
       Ring mail         |    32 |    18 ||    50
Dodge: Dodged            |    63 |    31 ||    94

Table legend: (Time is in decaauts)
 A = Elapsed time spent in this place.
 B = Non-inter-level travel time spent in this place.
 C = Inter-level travel time spent in this place.
 D = Time resting spent in this place.
 E = Time spent auto-exploring this place.
 F = Levels seen in this place.
 G = Mean time per level.
                   A        B        C        D        E       F      G
               +--------+--------+--------+--------+--------+-----+--------+
         Total |   2559 |   2488 |     71 |    457 |   1291 |   6 |  426.5 |
       Dungeon |   2559 |   2488 |     71 |    457 |   1291 |   6 |  426.5 |
               +--------+--------+--------+--------+--------+-----+--------+

Top non-repeatable levels by time:
     D:2: 938 daAuts
     D:1: 936 daAuts
     D:3: 364 daAuts
     D:5: 138 daAuts
     D:6: 122 daAuts
     D:4: 58 daAuts
